 Dungeon Crawl Stone Soup version 0.30-a0-883-g5ad918d77d (webtiles) character file.

Game seed: 6335437982335335239

1486 Pimp the Trooper (level 9, -4/58 (68) HPs)
             Began as a Formicid Wanderer on Mar 16, 2023.
             Was an Initiate of Gozag.
             Slain by Maggie
             ... wielding a +0 long sword
              (8 damage)
             ... on level 6 of the Dungeon.
             The game lasted 00:13:54 (5684 turns).

Pimp the Trooper (Formicid Wanderer)                Turns: 5684, Time: 00:13:55

HP:   -4/58 (68)    AC: 10    Str: 14    XL:     9   Next: 7%
MP:   13/14         EV: 12    Int: 15    God:    Gozag
Gold: 785           SH:  0    Dex: 17    Spells: 8/15 levels left

rFire   . . .      SeeInvis +    a - +3 short sword
rCold   . . .      Faith    .    (no shield)
rNeg    + . .      Spirit   .    j - +0 ring mail
rPois   .          Reflect  .    (helmet unavailable)
rElec   .          Rampage  .    e - +1 cloak
rCorr   .          Clarity  +    (no gloves)
Will    .....                    (no boots)
Stlth   +                        o - amulet of regeneration
HPRegen 1.09/turn                s - ring of positive energy
MPRegen 0.14/turn                (no ring)

@: very slightly contaminated, heavily drained
A: permanent stasis, dig shafts and tunnels, antennae 3, four strong arms,
iridescent scales 1, clarity
a: Dig, Shaft Self, Renounce Religion, Potion Petition, Call Merchant, Bribe
Branch


You were on level 6 of the Dungeon.
You worshipped Gozag.
Gozag was pleased with you.
You visited 1 branch of the dungeon, and saw 6 of its levels.

You collected 813 gold pieces.
You paid 28 gold pieces to Gozag.

Inventory:

Hand Weapons
 a - a +3 short sword (weapon)
 r - a +0 sling
 x - a +0 long sword
Armour
 c - a +0 leather armour
 e - a +1 cloak (worn)
 j - a +0 ring mail (worn)
Jewellery
 d - a ring of magical power
 k - an amulet of guardian spirit
 o - an amulet of regeneration (around neck)
 s - a ring of positive energy (left hand)
Wands
 v - a wand of polymorph (10)
Scrolls
 b - 2 scrolls of fear
 g - 5 scrolls of teleportation
 m - a scroll of amnesia
 p - a scroll of vulnerability
 q - 4 scrolls of identify
Potions
 f - a potion of lignification
 h - a potion of heal wounds
 i - 2 potions of cancellation


   Skills:
 + Level 5.5 Fighting
 * Level 5.4 Short Blades
 + Level 4.4 Armour
 + Level 3.6 Dodging
 + Level 3.9 Spellcasting
 + Level 3.9 Conjurations
 + Level 2.8 Poison Magic


You had 8 spell levels left.
You knew the following spells:

 Your Spells              Type           Power      Damage    Failure   Level
a - Kiss of Death         Conj/Necr      32%        2d7       16%         1
b - Mephitic Cloud        Conj/Pois/Air  9%         N/A       38%         3
c - Ignite Poison         Fire/Tmut/Pois 5%         N/A       56%         3

Your spell library contained the following spells:

 Spells                   Type           Power      Damage    Failure   Level
 Lesser Beckoning         Tloc           4%         N/A       47%         2
 Gell's Gravitas          Tloc           2%         N/A       71%         3
 Teleport Other           Tloc           2%         N/A       71%         3
 Sticky Flame             Conj/Fire      8%         2d3       83%         4
 Ignition                 Fire           1%         3d3       100%        8


Dungeon Overview and Level Annotations

Branches:
Dungeon (6/15)
 Temple: D:4-7

Altars:
Gozag
Kikubaaqudgha
Okawaru
Ru

Annotations:
D:6 Maggie


Innate Abilities, Weirdness & Mutations

You cannot be hasted, slowed, berserked, paralysed or teleported.
You can dig through walls and to a lower floor.
You have a pair of large antennae on your head. (SInv)
Your four strong arms can wield two-handed weapons with a shield.
You are partially covered in iridescent scales. (AC +2)
You possess an exceptional clarity of mind.


Message History

Aiming: Kiss of Death (safe; 16% risk of failure)
Press: ? - help, Shift-Dir - straight line, f - Maggie
Aim: Maggie, wielding a +0 long sword and wearing +2 acid dragon scales (severely wounded, 100% to hit)
You miscast Kiss of Death.
You are very lightly contaminated with residual magic.
Nothing appears to happen.
Maggie closely misses you.
Casting: Kiss of Death (safe; 16% risk of failure)
Confirm with . or Enter, or press ? or * to list all spells.
Aiming: Kiss of Death (safe; 16% risk of failure)
Press: ? - help, Shift-Dir - straight line, f/p - Maggie
Aim: Maggie, wielding a +0 long sword and wearing +2 acid dragon scales (severely wounded, 100% to hit)
The negative energy hits Maggie!
Maggie is drained!
Maggie is severely wounded.
You feel drained. Maggie gestures at you while chanting.
The bolt of fire hits you!!
* * * LOW HITPOINT WARNING * * *
You hit Maggie but do no damage.
Maggie is severely wounded.
You hit Maggie but do no damage.
Maggie is severely wounded.
Maggie hits you but does no damage.
You hit Maggie.
Maggie is almost dead.
Maggie closely misses you.
You closely miss Maggie.
Maggie is almost dead.
Maggie gestures wildly while chanting.
Maggie attempts to bespell you!
You are unaffected.
You hit Maggie.
Maggie is almost dead.
You barely miss Maggie.
Maggie is almost dead.
Maggie hits you with a +0 long sword.
* * * LOW HITPOINT WARNING * * *
You closely miss Maggie.
Maggie is almost dead.
Maggie hits you with a +0 long sword!
You die...
Your body crumbles into a pile of gold.

#..## #........>.e
#...# #......#####
## #.#.# #......#
#. #.#.####......#
##. .
#.#...........# ..
..
.........########.#
#..# #.####....###
##..#...# #.#
##......##.......#
#.##
####......@@....#
#..# ###...##.....#
##.# #####.# .....#
#.# #.....# .....#
#.# #.###.# ######
#.# #.# #.# { #.#
##.# #.# #.# #..#
#.. #.## #.## ##.


You could see Maggie (drained).

Vanquished Creatures
  Grinder (D:5)
  Eustachio (D:6)
  A water moccasin (D:5)
  A black bear (D:5)
  Duvessa (D:6)
  A kobold brigand (D:5)
  A scorpion (D:5)
  Dowan (D:6)
  2 vampire bats (D:3)
  A jelly (D:4)
  2 hounds
  Crazy Yiuf (D:4)
  7 iguanas
  2 orc wizards (D:5)
  16 gnolls
  5 adders
  An ufetubus (D:5)
  A dart slug (D:2)
  4 orcs
  3 bat skeletons (D:3)
  2 bat zombies (D:3)
  8 endoplasms
  4 giant cockroaches
  4 goblins
  A hobgoblin (D:2)
  2 jackals (D:2)
  13 kobolds
  A quokka (D:2)
  10 ball pythons
  4 bats
  5 frilled lizards
  5 rats
112 creatures vanquished.

Notes
Turn   | Place    | Note
-------+----------+-------------------------------------------
     0 | D:1      | Pimp the Formicid Wanderer began the quest for the Orb.
     0 | D:1      | Pimp set off with the following items: a +3 short sword, a
                  | scroll of fear, a +0 leather armour; and the following
                  | spell memorised: Kiss of Death; and the following spells
                  | available to memorise: Mephitic Cloud.
     0 | D:1      | Reached XP level 1. HP: 18/18 MP: 2/2
   260 | D:1      | Reached XP level 2. HP: 24/24 MP: 3/3
   746 | D:2      | Reached XP level 3. HP: 29/29 MP: 5/5
   986 | D:2      | Found an opulent altar of Gozag.
  1144 | D:2      | Became a worshipper of Gozag Ym Sagoz the Greedy
  1499 | D:3      | Reached XP level 4. HP: 37/37 MP: 6/6
  1602 | D:3      | Found an ancient bone altar of Kikubaaqudgha.
  1622 | D:3      | Reached XP level 5. HP: 42/42 MP: 7/7
  2254 | D:3      | Reached XP level 6. HP: 14/48 MP: 9/9
  2713 | D:4      | Reached XP level 7. HP: 21/55 MP: 11/11
  2788 | D:4      | Found an opulent altar of Gozag.
  2788 | D:4      | Found an iron altar of Okawaru.
  2796 | D:4      | Found a faded altar of an unknown god.
  2798 | D:4      | Found a sacrificial altar of Ru.
  2800 | D:4      | Found a faded altar of an unknown god.
  3031 | D:4      | Identified the +0 leather armour of the Black Moon {rN+
                  | Dex+4}
  3082 | D:4      | Found a runed translucent door.
  3083 | D:4      | Noticed Crazy Yiuf
  3098 | D:4      | Killed Crazy Yiuf
  3221 | D:5      | Entered Level 5 of the Dungeon
  3258 | D:5      | Learned a level 3 spell: Mephitic Cloud
  4620 | D:5      | Learned a level 3 spell: Ignite Poison
  4763 | D:5      | Reached XP level 8. HP: 45/61 MP: 12/12
  4782 | D:6      | Noticed Grinder
  5023 | D:5      | Gained mutation: You possess an exceptional clarity of
                  | mind. [potion of mutation]
  5023 | D:5      | Gained mutation: You are partially covered in iridescent
                  | scales. (AC +2) [potion of mutation]
  5041 | D:5      | Killed Grinder
  5042 | D:5      | Reached skill level 5 in Fighting
  5042 | D:5      | Reached skill level 1 in Poison Magic
  5311 | D:6      | Noticed Eustachio
  5372 | D:5      | Reached skill level 5 in Short Blades
  5390 | D:6      | Noticed Duvessa
  5390 | D:6      | Noticed Dowan
  5421 | D:6      | Killed Eustachio
  5444 | D:6      | Killed Duvessa
  5445 | D:6      | Reached XP level 9. HP: 27/68 MP: 14/14
  5463 | D:6      | Killed Dowan
  5647 | D:6      | Noticed Maggie
  5677 | D:6      | HP: 1/58 [Maggie/bolt of fire (18)]
  5684 | D:6      | Slain by Maggie

Illustrated notes

Levels and vault maps discovered:
D:1:      minmay_arrival_split_and_join, layout_basic
D:2:      layout_basic, basic_altar, minmay_misc_feat_encased
D:3:      layout_basic, kennysheep_vampire_church
D:4:      layout_rooms, chequers_temple_overflow_minitemple, st_stairs_3,
          uniq_crazy_yiuf_cottage
D:5:      layout_basic
D:6:      layout_rooms, evilmike_ruin_ashenzari,
          nicolae_dithmenos_through_a_glass_darkly, minmay_misc_feat_alley,
          chequers_serial_rivers_small_b, uniq_edmund, uniq_maggie,
          uniq_duvessa, uniq_eustachio, uniq_grinder

Skill      XL: |  1  2  3  4  5  6  7  8 |
---------------+-------------------------+-----
Conjurations   | 2 3 |  3.9
Armour         | 2 3 4 |  4.4
Fighting       | 4 5 |  5.5
Spellcasting   | 2 3 |  3.9
Dodging        | 2 3 |  3.6
Short Blades   | 3 4 5 |  5.4
Poison Magic   | 2 |  2.8

Action                     |  1- 3 |  4- 6 |  7- 9 || total
---------------------------+-------+-------+-------++-------
  Melee: Short sword       |    99 |   199 |   379 ||   677
         Punch             |       |     2 |     6 ||     8
   Cast: Kiss of Death     |       |       |     1 ||     1
  Evoke: Wand              |       |       |    21 ||    21
    Use: Scroll            |    10 |     1 |     4 ||    15
         Potion            |       |     4 |     7 ||    11
   Stab: Sleeping          |     1 |       |       ||     1
         Distracted        |       |     1 |       ||     1
         Invisible         |       |     3 |     4 ||     7
 Armour: Leather armour    |     9 |       |       ||     9
         Ring mail         |    55 |    74 |   175 ||   304
  Dodge: Dodged            |    82 |   139 |   226 ||   447

Table legend: (Time is in decaauts)
 A = Elapsed time spent in this place.
 B = Non-inter-level travel time spent in this place.
 C = Inter-level travel time spent in this place.
 D = Time resting spent in this place.
 E = Time spent auto-exploring this place.
 F = Levels seen in this place.
 G = Mean time per level.
                   A        B        C        D        E       F      G
               +--------+--------+--------+--------+--------+-----+--------+
         Total |   5571 |   5420 |    151 |   1060 |   2878 |   6 |  928.5 |
       Dungeon |   5571 |   5420 |    151 |   1060 |   2878 |   6 |  928.5 |
               +--------+--------+--------+--------+--------+-----+--------+

Top non-repeatable levels by time:
     D:5: 1864 daAuts
     D:4: 1007 daAuts
     D:3: 918 daAuts
     D:1: 736 daAuts
     D:2: 688 daAuts
     D:6: 356 daAuts
